 Dungeon Crawl Stone Soup version 0.19-a0-1912-g48530cd (webtiles) character file.

1533 Firecrotchwizard the Fighter (level 8, -1/74 HPs)
             Began as a Minotaur Fighter on Dec 15, 2016.
             Was a Follower of Okawaru.
             Slain by a killer bee (2 damage)
             ... on level 7 of the Dungeon.
             The game lasted 00:14:35 (5444 turns).

Firecrotchwizard the Fighter (Minotaur Fighter)     Turns: 5444, Time: 00:14:36

Health: -1/74      AC: 14    Str: 22    XL:     8   Next: 55%
Magic:  9/9        EV:  6    Int:  5    God:    Okawaru [*.....]
Gold:   288        SH: 15    Dex: 11    Spells: 7/7 levels left

rFire  + . .     SeeInvis .     a - +1 flail
rCold  x . .     Faith    .     s - +0 chain mail
rNeg   . . .     Spirit   .     c - +0 shield
rPois  .         Reflect  +     (helmet restricted)
rElec  .                        (no cloak)
rCorr  .                        q - +0 pair of gloves
MR     .....                    (no boots)
Stlth  ..........               o - +5 amulet of reflection
                                w - ring of fire
                                j - +3 ring of protection

@: lethally poisoned (-1 -> -10)
A: retaliatory headbutt, horns 2
a: Heroism, Renounce Religion


You were on level 7 of the Dungeon.
You worshipped Okawaru.
Okawaru was aware of your devotion.
You were not hungry.

You visited 2 branches of the dungeon, and saw 8 of its levels.

You collected 288 gold pieces.

Inventory:

Hand Weapons
 a - a +1 flail (weapon)
Missiles
 v - 41 steel tomahawks (quivered)
Armour
 b - a +0 scale mail
 c - a +0 shield (worn)
 q - a +0 pair of gloves (worn)
 s - a +0 chain mail (worn)
Jewellery
 f - an uncursed amulet of regeneration
 i - an uncursed amulet of rage
 j - a +3 ring of protection (left hand)
 m - an uncursed ring of positive energy
 o - a +5 amulet of reflection (around neck)
 p - an uncursed amulet of guardian spirit
 w - a ring of fire (right hand)
Wands
 y - a wand of slowing (11/48)
 C - a wand of polymorph (13/24)
Scrolls
 e - a scroll of enchant armour {unknown}
 l - a scroll of blinking
 n - 4 scrolls of remove curse
 t - 4 scrolls of identify
 u - 3 scrolls of amnesia
 z - a scroll of teleportation
Potions
 d - a potion of might
 g - 3 potions of lignification
 h - a potion of cure mutation {unknown}
 k - a potion of heal wounds {unknown}
 r - a potion of curing {unknown}
 x - a potion of haste {unknown}
 A - a potion of ambrosia
Books
 B - a book of Alchemy

   Spells                             Type                      Level
   a - Sublimation of Blood           Necromancy                   2
   b - Ignite Poison                  Fire/Transmutation/Poison    3
   c - Petrify                        Transmutation/Earth          4
   d - Alistair's Intoxication        Transmutation/Poison         5
   e - Irradiate                      Conjuration/Transmutation    5


   Skills:
 * Level 8.1 Fighting
 * Level 7.0 Maces & Flails
 + Level 6.0 Armour
 + Level 6.2 Shields
 + Level 3.1 Evocations


You had 7 spell levels left.
You didn't know any spells.

Dungeon Overview and Level Annotations

Branches:
Dungeon (7/15)             Temple (1/1) D:5
   Lair: D:-1         Crypt: Vaults:-1     Tomb: Vaults:-1

Altars:
Ashenzari
Cheibriados
Dithmenos
Elyvilon
Fedhas
Gozag
Hepliaklqana
Kikubaaqudgha
Makhleb
Nemelex Xobeh
Okawaru
Qazlal
Ru
Sif Muna
Trog
Uskayaw
Vehumet
Xom
Yredelemnul
Zin
The Shining One

Shops:
D:4 *}}(   D:5 *

Annotations:
D:7 Pikel


Innate Abilities, Weirdness & Mutations

You reflexively headbutt those who attack you in melee.
You have a pair of horns on your head.


Message History

You block the killer bee's attack. The killer bee barely misses you.
You furiously retaliate!
You headbutt the killer bee (3).
The killer bee stings you but does no damage.
You block the killer bee's attack.
The killer bee stings you but does no damage.
Your chain mail prevents you from hitting the killer bee.
* * * LOW HITPOINT WARNING * * *
You feel sick.
The killer bee stings you but does no damage.
The killer bee closely misses you. You furiously retaliate!
You headbutt the killer bee (13)! You block the killer bee's attack.
The killer bee stings you but does no damage.
You block the killer bee's attack. The killer bee barely misses you.
You sock the killer bee (14)!
The killer bee is almost dead.
* * * LOW HITPOINT WARNING * * *
You feel sick. The killer bee barely misses you. You furiously retaliate!
You headbutt the killer bee, but do no damage.
You block the killer bee's attack. x2; The killer bee stings you (2).
You die...

### # #######
##.# ##.
#yy@y.####.##
..##.y##..#.<##
#.##y.......#
#.....y##...#
###.....y##...#
........###....#
........#
##....#
..##....##
#...... .
##...$###......#


You could see 5 killer bees.

Vanquished Creatures
  Duvessa (D:5)
  A spiny frog skeleton (D:6)
  3 centaurs
  3 ogres
  A gnoll sergeant (D:5)
  Dowan (D:5)
  3 scorpions
  A killer bee (D:7)
  A howler monkey (D:4)
  3 hounds
  2 orc wizards
  2 iguanas (D:5)
  Natasha (twice) (D:3)
  A worker ant (D:4)
  4 gnolls (D:5)
  3 adders
  2 leopard geckos
  10 orcs
  5 giant cockroaches
  6 goblins
  6 hobgoblins
  4 jackals
  2 quokkas
  6 bats
  3 frilled lizards
  10 kobolds
  A leopard gecko skeleton (D:4)
  9 rats
96 creatures vanquished.

Vanquished Creatures (others)
  A centaur (D:6)
1 creature vanquished.

Grand Total: 97 creatures vanquished

Notes
Turn   | Place    | Note
-------+----------+-------------------------------------------
     0 | D:1      | Firecrotchwizard the Minotaur Fighter began the quest for the Orb.
     0 | D:1      | Reached XP level 1. HP: 19/19 MP: 0/0
   171 | D:1      | Reached XP level 2. HP: 26/27 MP: 1/1
   208 | D:1      | Reached skill level 4 in Fighting
  1139 | D:2      | Reached XP level 3. HP: 33/33 MP: 2/2
  1653 | D:3      | Noticed Natasha
  1657 | D:3      | Killed Natasha
  1657 | D:3      | Reached XP level 4. HP: 36/41 MP: 3/3
  1674 | D:3      | Noticed Natasha
  1681 | D:3      | Killed Natasha
  1844 | D:3      | Reached skill level 5 in Fighting
  2231 | D:3      | Reached XP level 5. HP: 48/48 MP: 4/4
  2308 | D:4      | Found Ufeofiso's Gadget Shop.
  2344 | D:4      | Reached skill level 1 in Evocations
  2346 | D:4      | Noticed an ogre
  2353 | D:4      | Killed an ogre
  2353 | D:4      | Reached XP level 6. HP: 57/57 MP: 5/5
  2385 | D:4      | Found a shattered altar of Ashenzari.
  2529 | D:4      | Found Omephe's Gadget Boutique.
  2553 | D:4      | Reached skill level 5 in Shields
  2603 | D:4      | Reached skill level 6 in Fighting
  2613 | D:4      | Found Duta's Weapon Emporium.
  2788 | D:4      | Found Riucs's General Store.
  2951 | D:5      | Entered Level 5 of the Dungeon
  2951 | D:5      | Found Lisizau's General Store.
  2972 | D:5      | Reached skill level 5 in Maces & Flails
  2972 | D:5      | Reached XP level 7. HP: 64/64 MP: 7/7
  3302 | D:5      | Reached skill level 5 in Armour
  3822 | D:5      | Reached skill level 7 in Fighting
  3839 | D:5      | Noticed Duvessa
  3839 | D:5      | Noticed Dowan
  3867 | D:5      | Killed Duvessa
  3868 | D:5      | Killed Dowan
  4073 | D:5      | Found a staircase to the Ecumenical Temple.
  4167 | Temple   | Entered the Ecumenical Temple
  4280 | Temple   | Became a worshipper of Warmaster Okawaru
  4370 | D:5      | Reached XP level 8. HP: 67/73 MP: 8/8
  5315 | D:7      | Noticed Pikel
  5416 | D:7      | Reached skill level 8 in Fighting
  5442 | D:7      | HP: 3/74 [poisoned by a killer bee]
  5442 | D:7      | Reached * piety under Okawaru
  5444 | D:7      | HP: 1/74 [poisoned by a killer bee]
  5444 | D:7      | Slain by a killer bee

Vault maps used:
D:1:      dpeg_arrival_leaves_temple_mockup, corner_web_ring,
          minmay_close_crescents
D:3:      uniq_natasha
D:4:      serial_shops, shop_statue, kennysheep_mini_moat, shop, shop,
          cheibrodos_ashenzari_chains
D:5:      first_bread, serial_shops, nicolae_shop_crystal, uniq_duvessa
D:6:      kennysheep_generic_room_13
D:7:      uniq_pikel
Temple:   kilobyte_greek_temple

Skill      XL: |  1  2  3  4  5  6  7  8 |
---------------+-------------------------+-----
Fighting       | 4 5 6 7 8 |  8.1
Maces & Flails | 3 4 5 6 7 |  7.0
Shields        | 4 5 6 |  6.2
Armour         | 4 5 6 |  6.0
Evocations     | 1 2 3 |  3.1

Action                   |  1- 3 |  4- 6 |  7- 9 || total
-------------------------+-------+-------+-------++-------
Melee: Flail             |   117 |    71 |   133 ||   321
       Headbutt          |     9 |    12 |    26 ||    47
Throw: Tomahawk          |     3 |    16 |       ||    19
  Use: Scroll            |       |     9 |       ||     9
       Potion            |       |       |     2 ||     2
Armor: Scale mail        |    20 |       |       ||    20
       Chain mail        |    29 |    28 |   110 ||   167
Dodge: Dodged            |    20 |    13 |    41 ||    74
Block: Shield            |    94 |    73 |   151 ||   318
       Reflection        |     2 |     5 |    11 ||    18
